 Dungeon Crawl Stone Soup version 0.28.0-53-g5a82cb258f (webtiles) character file.

Game seed: 12776094403620602284

81 Kranky the Covered (level 4, -5/39 HPs)
             Began as a Minotaur Gladiator on July 2, 2022.
             Slain by Sigmund
             ... wielding a +0 scythe
              (11 damage)
             ... on level 3 of the Dungeon.
             The game lasted 00:03:50 (2314 turns).

Kranky the Covered (Minotaur Gladiator)             Turns: 2314, Time: 00:03:51

Health: -5/39      AC:  7    Str: 21    XL:     4   Next: 19%
Magic:  3/3        EV: 11    Int:  5    God:
Gold:   67         SH:  0    Dex: 11    Spells: 3/3 levels left

rFire   . . .      SeeInvis .   a - +0 trident
rCold   . . .      Faith    .   (no shield)
rNeg    . . .      Spirit   .   e - +0 ring mail
rPois   .          Reflect  .   c - +0 hat
rElec   .          Harm     .   (no cloak)
rCorr   .          Rampage  .   (no gloves)
Will    .....                   f - +0 pair of boots
Stlth   +.........              (no amulet)
HPRegen 0.13/turn               (no ring)
MPRegen 0.08/turn               (no ring)

@: no status effects
A: horns 2, retaliatory headbutt
a: no special abilities


You were on level 3 of the Dungeon.
You visited 1 branch of the dungeon, and saw 3 of its levels.

You collected 67 gold pieces.

Inventory:

Hand Weapons
 a - a +0 trident (weapon)
Armour
 b - a +0 leather armour
 c - a +0 hat (worn)
 e - a +0 ring mail (worn)
 f - a +0 pair of boots (worn)
 g - a +0 chain mail
Jewellery
 k - an amulet of magic regeneration
Scrolls
 i - a scroll of amnesia {unknown}
 l - 3 scrolls of identify {unknown}
 m - a scroll of teleportation {unknown}
Potions
 h - a potion of might {unknown}
 j - a potion of curing {unknown}
 n - a potion of haste {unknown}
 o - a potion of flight {unknown}
 p - 2 potions of invisibility {unknown}


   Skills:
 + Level 3.6 Fighting
 - Level 3.6 Polearms
 - Level 2.0 Throwing
 * Level 3.9 Armour
 - Level 3.2 Dodging


You had 3 spell levels left.
You didn't know any spells.
Your spell library was empty.

Dungeon Overview and Level Annotations

Branches:
Dungeon (3/15)

Altars:

Annotations:
D:3 Sigmund


Innate Abilities, Weirdness & Mutations

You have a pair of horns on your head.
You reflexively headbutt those who attack you in melee.


Message History

You are too confused!
You are too confused!
You are too confused!
You're too confused to aim your attacks!
You bump into the rock wall.
Sigmund hits you but does no damage.
You completely miss Sigmund. You punch Sigmund, but do no damage.
Sigmund is moderately wounded.
Sigmund barely misses you.
You bump into the rock wall.
Sigmund barely misses you.
You completely miss Sigmund.
Sigmund is moderately wounded.
Sigmund hits you with a +0 scythe.
You feel less confused. Sigmund casts a spell at you. The magic dart hits you!
You hit Sigmund but do no damage.
Sigmund is moderately wounded.
Sigmund hits you but does no damage.
You closely miss Sigmund. You headbutt Sigmund!
Sigmund is severely wounded.
Sigmund barely misses you.
You closely miss Sigmund.
Sigmund is severely wounded.
You hit Sigmund. Your headbutt misses Sigmund.
Sigmund is almost dead.
Sigmund hits you but does no damage.
You hit Sigmund but do no damage.
Sigmund is almost dead.
Sigmund hits you with a +0 scythe!
You barely miss Sigmund.
Sigmund is almost dead.
Sigmund mumbles some strange words.
Sigmund flickers and vanishes!
Deactivating autopickup; reactivate with Ctrl-A.
You hit something. Something hits you!
You hit something but do no damage. You barely miss something.
Something hits you!
* * * LOW HITPOINT WARNING * * *
You barely miss something. Your headbutt misses something. Something hits you!
You die...

############## ##.
##............#
.....#########<###.#.#####.#
..........†....# #†#.# #.#
###.##.#####{@.###.#.#####.###
#.##. #...................
#.##. #......(.#.#####.##.
#.##. #.#......#.# #.##. #.##.
#.#..#####.# #.##.
#.##.####<#..# #.# #.##.
#.##>........# #.# #....
#.######.....# #.# #..#.
######.######..###### #.#
#..#.


There were no monsters in sight!

Vanquished Creatures
  4 adders (D:3)
  A worm (D:2)
  2 dart slugs
  6 ball pythons
  2 bats (D:1)
  3 endoplasms
  4 goblins
  A hobgoblin (D:3)
  3 jackals (D:2)
  6 kobolds
  2 quokkas
  2 frilled lizards
  A rat (D:2)
37 creatures vanquished.

Notes
Turn   | Place    | Note
-------+----------+-------------------------------------------
     0 | D:1      | Kranky the Minotaur Gladiator began the quest for the Orb.
     0 | D:1      | Reached XP level 1. HP: 18/18 MP: 0/0
   206 | D:1      | Reached skill level 1 in Armour
   359 | D:1      | Reached XP level 2. HP: 25/25 MP: 1/1
  1105 | D:2      | Found a faded altar of an unknown god.
  1313 | D:2      | Reached XP level 3. HP: 25/31 MP: 2/2
  1942 | D:3      | Reached XP level 4. HP: 38/38 MP: 3/3
  2172 | D:3      | Noticed Sigmund
  2314 | D:3      | Slain by Sigmund

Illustrated notes

Levels and vault maps discovered:
D:1:      dpeg_arrival_three_smaller_balls, layout_loops_corners,
          kennysheep_boxes
D:2:      layout_basic, ebering_ecumenical_altar_mist, minmay_misc_feat_rugged,
          st_stairs_7, minmay_fountain_box
D:3:      layout_loops_ring, uniq_sigmund

Skill      XL: |  1  2  3 |
---------------+----------+-----
Armour         | 1 2 3 |  3.9
Fighting       | 3 |  3.6
Polearms       | |  3.6
Throwing       | |  2.0
Dodging        | |  3.2

Action                   |  1- 3 |  4- 6 || total
-------------------------+-------+-------++-------
Melee: Trident           |    94 |    27 ||   121
       Headbutt          |    12 |     1 ||    13
       Punch             |     2 |     1 ||     3
Throw: Throwing net      |       |     3 ||     3
 Stab: Held in net/web   |       |     1 ||     1
Armor: Ring mail         |    28 |     3 ||    31
Dodge: Dodged            |    35 |    13 ||    48
